 Seeded DCSS version 0.29.1-15-g9cfb28693d (webtiles) character file.

Game seed: 6320845443627075161 (custom seed)

1 Psyclone the Firebug (level 1, 10/10 HPs)
             Began as a Deep Elf Fire Elementalist on Sept 29, 2023.
             Quit the game on level 2 of the Dungeon.
             The game lasted 00:01:05 (108 turns).

Psyclone the Firebug (Deep Elf Fire Elementalist)    Turns: 108, Time: 00:01:06

Health: 10/10      AC:  2    Str:  5    XL:     1   Next: 16%
Magic:  6/6        EV: 12    Int: 19    God:
Gold:   0          SH:  0    Dex: 15    Spells: 5/6 levels left

rFire   . . .      SeeInvis .   (no weapon)
rCold   . . .      Faith    .   (no shield)
rNeg    . . .      Spirit   .   a - +0 robe
rPois   .          Reflect  .   (no helmet)
rElec   .          Harm     .   (no cloak)
rCorr   .          Rampage  .   (no gloves)
Will    .....                   (no boots)
Stlth   ++........              (no amulet)
HPRegen 0.03/turn               (no ring)
MPRegen 0.10/turn               (no ring)

@: no status effects
A: no striking features
a: no special abilities


You were on level 2 of the Dungeon.
You visited 1 branch of the dungeon, and saw 2 of its levels.

Inventory:

Armour
 a - a +0 robe (worn)
Jewellery
 c - the ring "Mej Rav" {Drain rN+++ rCorr Int+2 Dex+3}
   (You acquired it on level 2 of the Dungeon)

   [ring of resist corrosion]

   Int:       It affects your intelligence (+2).
   Dex:       It affects your dexterity (+3).
   rN:        It renders you almost immune to negative energy.
   rCorr:     It protects you from acid and corrosion.
   Drain:     It drains your maximum health when unequipped.
Potions
 b - a potion of magic


   Skills:
 + Level 2.4 Dodging
 + Level 2.4 Stealth
 + Level 3.0 Spellcasting
 + Level 1.1 Conjurations
 + Level 3.3 Fire Magic


You had 5 spell levels left.
You knew the following spells:

 Your Spells              Type           Power      Damage    Failure   Level
a - Foxfire               Conj/Fire      44%        2x1d6     6%          1

Your spell library contained the following spells:

 Spells                   Type           Power      Damage    Failure   Level
 Scorch                   Fire           30%        2d7       6%          2
 Freeze                   Ice            8%         1d3       16%         1
 Conjure Flame            Conj/Fire      11%        6-21      19%         3
 Inner Flame              Hex/Fire       9%         N/A       24%         3
 Frozen Ramparts          Ice            4%         1d1       41%         3
 Flame Wave               Conj/Fire      11%        2d6       52%         4
 Hailstorm                Conj/Ice       5%         3d4       75%         4


Dungeon Overview and Level Annotations

Branches:
Dungeon (2/15) Zot: 11892

Altars:


Message History

Press ? for a list of commands and other information.
Found 2 stones and 9 gold pieces.
There is a dry fountain here.
A goblin comes into view. It is wielding a +0 dagger.
Casting: Foxfire (safe; 6% risk of failure)
Confirm with . or Enter, or press ? or * to list all spells.
You conjure some foxfire!
The goblin shouts!
You now have 5/6 mp.
The foxfire hits the goblin.
The goblin is severely wounded.
The foxfire hits the goblin.
You kill the goblin!
There is a dry fountain here.
Things that are here:
a +0 dagger; a goblin corpse
Found a scroll labelled FEAHEA REEVUR.
MP restored: 6
Found a dagger.
Found a murky black potion.
Found a book of Frost.
You pick up a book of Frost and begin reading...
You add the spells Freeze, Frozen Ramparts and Hailstorm to your library.
Found 13 gold pieces.
Found 12 gold pieces.
Found a sling.
Found 15 gold pieces.
There is a stone staircase leading down here.
You climb downwards.
Found 11 gold pieces and a fizzy brown potion.
There is a stone staircase leading up here.
Found a mace.
Found 6 stones.
Found 5 stones.
Found a scroll labelled LIULAPT WYUZ MUCK.
Found a leather armour.
c - a scroll labelled LIULAPT WYUZ MUCK This is a scroll of acquirement!
Something appears at your feet!
c - the ring "Mej Rav" {Drain rN+++ rCorr Int+2 Dex+3} Are you sure you want to abandon this character and quit the game? (Confirm with "yes".)

#.....## #.....# ##
.#.###..####...#
#...[............ .
###.###...###...#.#
#.###..........
#.......####.##
#####........#
#....@...#
#######.## #


There were no monsters in sight!

Vanquished Creatures
  A goblin (D:1)
1 creature vanquished.

Vanquished Creatures (others)
  A foxfire (D:1)
1 creature vanquished.

Grand Total: 2 creatures vanquished

Notes
Turn   | Place    | Note
-------+----------+-------------------------------------------
     0 | D:1      | Psyclone the Deep Elf Fire Elementalist began the quest for
                  | the Orb.
     0 | D:1      | Reached XP level 1. HP: 10/10 MP: 6/6
   106 | D:2      | Identified a scroll of acquirement
   106 | D:2      | Acquired the ring "Mej Rav" {Drain rN+++ rCorr Int+2 Dex+3}
   108 | D:2      | Quit the game

Illustrated notes

Levels and vault maps discovered:
D:1:      dpeg_arrival_lava_temple_mockup, layout_basic
D:2:      layout_loops_ring, shapermc_ecumenical_altar_starsandcircs,
          serial_shops, nicolae_shop_window_shopping

Action                   || total
-------------------------++-------
 Cast: Foxfire           ||     1
  Use: Scroll            ||     1
